[Event "Titled Tuesday Blitz June 1 2021"]
[White "Hansen, Eric"]
[Black "Ozen, Bahadir"]
[WhiteFideId "2606771"]
[BlackFideId "6337058"]
[WhiteElo "2568"]
[BlackElo "2503"]
[Result "1/2-1/2"]
[Round "04"]
[TimeControl "180+1"]
[Date "2021.06.01"]
[WhiteClock "0:00:06"]
[BlackClock "0:00:15"]

1. e4 e5 2. Nf3 Nc6 3. Bb5 a6 4. Ba4 Nf6 5. O-O Be7 6. Re1 b5 7. Bb3 O-O 8. h3 Bb7 9. d3 d6 10. a3 Na5 11. Ba2 c5 12. Nc3 h6 13. Ne2 Re8 14. Ng3 Bf8 15. Bd2 Nc6 16. Nf5 Bc8 17. Nh2 Bxf5 18. exf5 d5 19. Ng4 Nxg4 20. Qxg4 Kh7 21. c3 Qd7 22. Qf3 Rad8 23. Rad1 Kh8 24. Bc1 Qd6 25. g4 Be7 26. Kg2 Kg8 27. Be3 Bg5 28. Bxg5 hxg5 29. h4 gxh4 30. g5 Kf8 31. Qg4 Ke7 32. d4 h3+ 33. Kh1 cxd4 34. cxd4 e4 35. f3 e3 36. Rxe3+ Kf8 37. Rde1 Rxe3 38. Rxe3 Re8 39. Rxe8+ Kxe8 40. f6 gxf6 41. gxf6 Qxf6 42. Qc8+ Ke7 43. Qc7+ Kf8 44. Bxd5 Nxd4 45. Qb8+ Kg7 46. Qg3+ Kf8 47. Qb8+ Kg7 48. Qg3+ Kf8 49. Qb8+ 1/2-1/2


[Site "https://www.chess.com"]

[Event "Titled Tuesday Blitz June 1 2021"]
[White "Hess, Robert"]
[Black "Paravyan, David"]
[WhiteFideId "2022036"]
[BlackFideId "4194985"]
[WhiteElo "2557"]
[BlackElo "2562"]
[Result "1/2-1/2"]
[Round "04"]
[TimeControl "180+1"]
[Date "2021.06.01"]
[WhiteClock "0:00:07"]
[BlackClock "0:00:07"]

1. e4 c5 2. Nc3 e6 3. g3 b6 4. Bg2 Bb7 5. Nge2 Nf6 6. O-O d5 7. exd5 Nxd5 8. Nxd5 Bxd5 9. Bxd5 Qxd5 10. Nc3 Qb7 11. d4 cxd4 12. Qxd4 Nc6 13. Qe4 O-O-O 14. Bg5 Rd4 15. Qg2 Ne5 16. Qxb7+ Kxb7 17. Kg2 Bb4 18. Ne2 Rd7 19. Rfd1 f6 20. Rxd7+ Nxd7 21. Rd1 Kc7 22. Be3 e5 23. a3 Bc5 24. Nc3 Bxe3 25. fxe3 Kc6 26. Nd5 Nc5 27. Ne7+ Kc7 28. Nf5 Ne6 29. Rd3 Rd8 30. Rxd8 Kxd8 31. Kf3 Kd7 32. Ke4 Kc6 33. Ne7+ Kd7 34. Nf5 g6 35. Nh6 Kd6 36. Nf7+ Ke7 37. Nh6 Nc7 38. g4 Ke6 39. c4 a5 40. h4 a4 41. Kd3 Na6 42. e4 Nc5+ 43. Ke3 Nb7 44. g5 Nd6 45. Kd3 f5 46. exf5+ Nxf5 47. Ng4 Nd6 48. Nf6 h5 49. Nd5 e4+ 50. Kd4 b5 51. Nc7+ Kd7 52. Nxb5 Nf5+ 53. Kxe4 Nxh4 54. Nc3 Nf5 55. Nxa4 h4 56. Nc5+ Kc6 57. Nd3 Nd6+ 58. Kd4 h3 59. Ne5+ Kc7 60. Nf3 Nf7 61. Ke3 Nxg5 62. b4 Ne6 63. a4 g5 64. Kf2 g4 65. Ne5 Nf4 66. Nxg4 Nd3+ 67. Kg3 Nxb4 68. Ne3 Kd6 69. Kxh3 Kc5 70. Kg4 Nc6 71. Kf4 Na5 72. Ke4 Nxc4 73. Nxc4 Kxc4 74. a5 Kb5 75. a6 Kxa6 1/2-1/2


[Site "https://www.chess.com"]

[Event "Titled Tuesday Blitz June 1 2021"]
[White "Hryshchenko, Kamila"]
[Black "Dowgird, Filip"]
[WhiteFideId "14147491"]
[BlackFideId "1121235"]
[WhiteElo "1956"]
[BlackElo "2209"]
[Result "0-1"]
[Round "04"]
[TimeControl "180+1"]
[Date "2021.06.01"]
[WhiteClock "0:00:02"]
[BlackClock "0:00:13"]

1. e4 d6 2. d4 Nf6 3. Nc3 c6 4. f4 Qa5 5. e5 Ne4 6. Qf3 f5 7. exf6 Nxf6 8. Bd3 Na6 9. Ne2 Nb4 10. Bd2 Nxd3+ 11. Qxd3 Bf5 12. Qf3 Bxc2 13. O-O Qh5 14. Qg3 Bf5 15. b4 a6 16. d5 Qg6 17. dxc6 bxc6 18. Qf2 e6 19. Qb6 Rc8 20. Nd4 Kd7 21. Rac1 Ne4 22. Na4 c5 23. bxc5 Nxc5 24. Qa7+ Ke8 25. Nb6 Rd8 26. Rxc5 dxc5 27. Nc6 Be4 28. Rf2 Bxc6 29. Qxa6 Qb1+ 30. Rf1 Qe4 31. Rf2 Be7 32. Nc8 Kf7 33. Nxe7 Kxe7 34. Qa7+ Rd7 35. Qxc5+ Kf7 36. f5 exf5 37. Rxf5+ Ke6 0-1


[Site "https://www.chess.com"]

[Event "Titled Tuesday Blitz June 1 2021"]
[White "Ibrahimli, Murad"]
[Black "Budiarti, Farah Yumna"]
[WhiteFideId "13410229"]
[BlackFideId "7107331"]
[WhiteElo "2109"]
[BlackElo "2528"]
[Result "1-0"]
[Round "04"]
[TimeControl "180+1"]
[Date "2021.06.01"]
[WhiteClock "0:01:34"]
[BlackClock "0:00:01"]

1. e4 c6 2. d4 d5 3. e5 c5 4. dxc5 Nc6 5. Nf3 Bg4 6. Bb5 e6 7. Be3 Ne7 8. c3 a6 9. Ba4 Qc7 10. Nbd2 Ng6 11. h3 Bxf3 12. Nxf3 Nxe5 13. Nxe5 Qxe5 14. O-O Be7 15. Bd4 Qc7 16. b4 Bf6 17. Re1 O-O-O 18. Bxc6 Qxc6 19. a4 Rhe8 20. f4 Qc7 21. Re5 Bxe5 22. fxe5 f5 23. b5 Kd7 24. Qh5 Ke7 25. Rf1 Kf8 26. Qxh7 Qf7 27. c6 1-0


[Site "https://www.chess.com"]

[Event "Titled Tuesday Blitz June 1 2021"]
[White "Ivanisevic, Ivan"]
[Black "Goltsev, Dmitry"]
[WhiteFideId "912417"]
[BlackFideId "24176710"]
[WhiteElo "2499"]
[BlackElo "2366"]
[Result "0-1"]
[Round "04"]
[TimeControl "180+1"]
[Date "2021.06.01"]
[WhiteClock "0:00:02"]
[BlackClock "0:01:17"]

1. d4 Nf6 2. c4 e6 3. Nc3 Bb4 4. e3 c5 5. Bd3 d5 6. cxd5 Nxd5 7. Ne2 cxd4 8. exd4 O-O 9. Bc2 Re8 10. Qd3 g6 11. Bh6 Qh4 12. Qd2 Be7 13. g3 Qh5 14. h4 Nc6 15. O-O-O Ncb4 16. g4 Qxg4 17. Rdg1 Qf3 18. Be4 Qf6 19. h5 Rd8 20. Bg5 Qg7 21. Bxe7 Nxe7 22. hxg6 fxg6 23. Qg5 Rf8 24. Nf4 Qf6 25. Nh3 Bd7 26. Qh6 Nf5 27. Bxf5 Qxf5 28. Qd2 Rac8 29. Kd1 Qf3+ 30. Ke1 Nd3+ 31. Kf1 Rxc3 32. bxc3 Bb5 33. Qe2 0-1


[Site "https://www.chess.com"]

[Event "Titled Tuesday Blitz June 1 2021"]
[White "Jary, Sergey"]
[Black "Jarovinsky, Alexey"]
[WhiteFideId "14110350"]
[BlackFideId "14115131"]
[WhiteElo "2260"]
[BlackElo "2446"]
[Result "1/2-1/2"]
[Round "04"]
[TimeControl "180+1"]
[Date "2021.06.01"]
[WhiteClock "0:01:08"]
[BlackClock "0:00:03"]

1. Nf3 d5 2. d4 Bg4 3. g3 Nd7 4. Bg2 e6 5. O-O Ngf6 6. Nbd2 Bd6 7. c4 c6 8. c5 Bc7 9. b4 e5 10. dxe5 Nxe5 11. Bb2 Qe7 12. Nxe5 Bxe5 13. Bxe5 Qxe5 14. Nf3 Bxf3 15. Bxf3 h5 16. e3 h4 17. Qd4 Qxd4 18. exd4 hxg3 19. fxg3 Kd7 20. Rfe1 Rhe8 21. a4 Rxe1+ 22. Rxe1 a5 23. b5 cxb5 24. axb5 a4 25. Ra1 a3 26. Ra2 Ra4 27. Kf2 Rxd4 28. Rxa3 Rb4 29. c6+ bxc6 30. Ra7+ Ke6 31. bxc6 Rc4 32. c7 Ne8 33. Ra6+ Ke7 34. Bxd5 Rxc7 35. Ra2 Nf6 36. Re2+ Kf8 37. Bf3 g6 38. h3 Kg7 39. h4 Ng8 40. Bg4 Ne7 41. Rd2 Rc5 42. Rd7 Re5 43. Be2 Nf5 44. Bc4 Re7 45. Rxe7 Nxe7 46. g4 f6 47. Ke3 Nc6 48. g5 Ne5 49. gxf6+ Kxf6 50. Ba2 Ng4+ 51. Kf4 Nh6 52. Bb1 Nf7 53. Be4 Nh6 54. Bc2 Kg7 55. Be4 Nf7 56. Bd5 Nh8 57. Kg5 Nf7+ 58. Bxf7 Kxf7 59. Kh6 Kf6 60. Kh7 g5 61. hxg5+ Kxg5 1/2-1/2


[Site "https://www.chess.com"]

[Event "Titled Tuesday Blitz June 1 2021"]
[White "Jia, Haoxiang"]
[Black "Peralta, Eduardo"]
[WhiteFideId "8602999"]
[BlackFideId "3700062"]
[WhiteElo "2655"]
[BlackElo "2205"]
[Result "0-1"]
[Round "04"]
[TimeControl "180+1"]
[Date "2021.06.01"]
[WhiteClock "0:00:30"]
[BlackClock "0:00:21"]

1. c4 Nf6 2. Nf3 g6 3. g3 Bg7 4. Bg2 O-O 5. O-O c6 6. d4 d5 7. cxd5 cxd5 8. Ne5 Ng4 9. f4 Nc6 10. Nc3 Be6 11. h3 Ngxe5 12. fxe5 f6 13. exf6 exf6 14. Kh2 f5 15. e3 Re8 16. Bd2 Rc8 17. Qb3 Na5 18. Qa4 Nc4 19. Bc1 a6 20. Ne2 Bf7 21. Qb3 b5 22. Nf4 g5 23. Nd3 Bg6 24. Nb4 Kh8 25. Nxd5 f4 26. exf4 Be4 27. Bxe4 Rxe4 28. Nc3 Rxd4 29. fxg5 Nd2 30. Qf7 Nxf1+ 31. Qxf1 b4 32. Ne2 Rc2 33. Bf4 Re4 34. Re1 Qd3 35. h4 Rexe2+ 36. Kh3 Qf5+ 37. g4 Qd3+ 38. Bg3 Rh2# 0-1


[Site "https://www.chess.com"]

[Event "Titled Tuesday Blitz June 1 2021"]
[White "Kamsky, Gata"]
[Black "Nevednichy, Vladislav"]
[WhiteFideId "2000024"]
[BlackFideId "1205730"]
[WhiteElo "2644"]
[BlackElo "2366"]
[Result "1/2-1/2"]
[Round "04"]
[TimeControl "180+1"]
[Date "2021.06.01"]
[WhiteClock "0:00:10"]
[BlackClock "0:00:17"]

1. d4 Nf6 2. Nf3 d5 3. Bf4 e6 4. e3 Bd6 5. Bg3 O-O 6. c4 c5 7. cxd5 exd5 8. Bxd6 Qxd6 9. dxc5 Qxc5 10. Nc3 Bg4 11. Be2 Nc6 12. O-O Rad8 13. Rc1 Bxf3 14. Bxf3 d4 15. exd4 Nxd4 16. Ne4 Qb6 17. Nxf6+ Qxf6 18. Rc3 b5 19. a3 Rfe8 20. Qc1 a5 21. Kh1 b4 22. axb4 axb4 23. Rd3 Nxf3 24. Rxf3 Qd4 25. h3 h6 26. b3 Re6 27. Re1 Rf6 28. Ree3 Rxf3 29. Rxf3 Qd1+ 30. Qxd1 Rxd1+ 31. Kh2 1/2-1/2


[Site "https://www.chess.com"]

[Event "Titled Tuesday Blitz June 1 2021"]
[White "Karttunen, Mika"]
[Black "Sadovsky, Artem"]
[WhiteFideId "502081"]
[BlackFideId "4155840"]
[WhiteElo "2343"]
[BlackElo "2476"]
[Result "1-0"]
[Round "04"]
[TimeControl "180+1"]
[Date "2021.06.01"]
[WhiteClock "0:00:45"]
[BlackClock "0:00:02"]

1. e4 g6 2. d4 Bg7 3. Nc3 c6 4. f4 d5 5. e5 h5 6. Be3 Nh6 7. Nf3 Bg4 8. Bd3 Nf5 9. Bf2 e6 10. h3 Bxf3 11. Qxf3 h4 12. Ne2 Bf8 13. O-O Be7 14. b3 a5 15. c4 Kf8 16. a3 Kg7 17. c5 Nd7 18. b4 axb4 19. axb4 Qc7 20. Rfb1 b5 21. Nc1 Ra7 22. Nb3 Rha8 23. Ra5 Rxa5 24. Nxa5 Bd8 25. Ra1 Ra6 26. Qd1 Qa7 27. Qe1 Qa8 28. Bxf5 exf5 29. Bxh4 Bxa5 30. Rxa5 Rxa5 31. bxa5 Nf8 32. Bf6+ Kg8 33. Qh4 Nh7 34. Qh6 Qf8 35. Qxf8+ Nxf8 36. a6 Ne6 37. Bd8 b4 38. a7 b3 39. a8=Q Nxd4 40. Bf6+ Kh7 41. Qh8# 1-0


[Site "https://www.chess.com"]

[Event "Titled Tuesday Blitz June 1 2021"]
[White "Kezin, Roman"]
[Black "Indjic, Aleksandar"]
[WhiteFideId "24124621"]
[BlackFideId "911925"]
[WhiteElo "2574"]
[BlackElo "2643"]
[Result "1-0"]
[Round "04"]
[TimeControl "180+1"]
[Date "2021.06.01"]
[WhiteClock "0:00:22"]
[BlackClock "0:00:20"]

1. d4 g6 2. c4 Bg7 3. Nc3 c5 4. d5 d6 5. e4 Nf6 6. h3 O-O 7. Nf3 e6 8. Bd3 exd5 9. cxd5 Re8 10. O-O Nbd7 11. Bf4 c4 12. Bc2 Nc5 13. Re1 b5 14. a3 Qb6 15. e5 dxe5 16. Bxe5 Bb7 17. Qd4 Rad8 18. Rad1 Ncd7 19. Qxb6 Nxb6 20. Bc7 Rxe1+ 21. Rxe1 Rd7 22. d6 Bxf3 23. gxf3 Nbd5 24. Nxb5 a6 25. Ba4 axb5 26. Bxb5 c3 27. bxc3 Rxc7 28. dxc7 Nxc7 29. Bc6 Nfd5 30. Bxd5 Nxd5 31. Re8+ Bf8 32. c4 Nc7 33. Rc8 Ne6 34. a4 Kg7 35. a5 Nc5 36. Rc6 h5 37. a6 Nxa6 38. Rxa6 Be7 39. Kf1 Kf8 40. Ke2 Ke8 41. Ra8+ Kd7 42. Ra7+ Ke6 43. Rxe7+ Kxe7 44. Kd3 Kd6 45. Kd4 f6 46. f4 Kc6 47. c5 g5 48. fxg5 fxg5 49. f3 Kc7 50. Kd5 Kd7 51. Ke5 Kc7 52. Kf5 Kd7 53. Kxg5 Kc7 54. Kxh5 1-0


[Site "https://www.chess.com"]

[Event "Titled Tuesday Blitz June 1 2021"]
[White "Khusnutdinov, Rustam"]
[Black "Novik, Maxim"]
[WhiteFideId "13701703"]
[BlackFideId "4102924"]
[WhiteElo "2571"]
[BlackElo "2406"]
[Result "1-0"]
[Round "04"]
[TimeControl "180+1"]
[Date "2021.06.01"]
[WhiteClock "0:00:22"]
[BlackClock "0:00:01"]

1. e4 c6 2. Nf3 d5 3. d3 g6 4. Nbd2 Bg7 5. g3 e6 6. Bg2 Ne7 7. O-O O-O 8. d4 a5 9. a4 b6 10. Re1 Ba6 11. b3 Nd7 12. Ba3 Re8 13. c4 Nf6 14. Ne5 Rc8 15. Rc1 Nd7 16. f4 Nxe5 17. dxe5 Bf8 18. Bd6 Qd7 19. h4 Bb7 20. c5 bxc5 21. Rxc5 Kg7 22. h5 Ng8 23. Bxf8+ Rxf8 24. Nc4 Qc7 25. Nd6 Rcd8 26. Qd2 Ra8 27. Rec1 Ne7 28. f5 exf5 29. Qg5 Ng8 30. Nxf5+ Kh8 31. Nd6 Rab8 32. exd5 Qe7 33. Qxe7 Nxe7 34. dxc6 Bc8 35. c7 Rxb3 36. Rb5 Rxg3 37. Rb8 Rg5 38. Rf1 Kg7 39. h6+ Kxh6 40. Nxf7+ Rxf7 41. Rxf7 Bh3 42. Rf2 Rf5 43. Bxh3 1-0


[Site "https://www.chess.com"]

[Event "Titled Tuesday Blitz June 1 2021"]
[White "Klimkowski, Jan"]
[Black "Brankovic, Dejan"]
[WhiteFideId "21856222"]
[BlackFideId "921602"]
[WhiteElo "1903"]
[BlackElo "2237"]
[Result "1-0"]
[Round "04"]
[TimeControl "180+1"]
[Date "2021.06.01"]
[WhiteClock "0:00:11"]
[BlackClock "0:00:02"]

1. e4 c5 2. Nf3 g6 3. d4 cxd4 4. Nxd4 Bg7 5. c4 Nc6 6. Be3 Nf6 7. Nc3 Ng4 8. Qxg4 Nxd4 9. Qd1 e5 10. Bd3 d6 11. O-O O-O 12. Nd5 Be6 13. f3 a6 14. Rc1 Rc8 15. b4 f5 16. Qd2 Bxd5 17. cxd5 Qd7 18. Bxd4 exd4 19. exf5 gxf5 20. Rxc8 Qxc8 21. Re1 Qc3 22. Re2 f4 23. Qxc3 dxc3 24. Re4 Rc8 25. Bc2 Be5 26. Kf2 Kg7 27. g3 Rf8 28. Rc4 Rf7 29. g4 h6 30. Be4 Bf6 31. Ke2 Re7 32. Kd3 Be5 33. Bf5 Bf6 34. Be6 Be5 35. Kc2 Kf6 36. h4 Kg6 37. Bf5+ Kf6 38. Rc8 Bd4 39. Be6 Be5 40. Rf8+ Kg7 41. Rf5 Rc7 42. a3 Kg6 43. Rf8 Kg7 44. Rg8+ Kh7 45. g5 hxg5 46. hxg5 Re7 47. g6+ Kh6 48. Bf5 Rg7 49. Rf8 Kg5 50. Be4 Rc7 51. Bd3 Kh6 52. Re8 Kg7 53. Bf5 Bf6 54. Re4 Be5 55. Re2 Re7 56. Rh2 Kf6 57. Be4 Rg7 58. Rh5 Ke7 59. a4 Kf6 60. Rf5+ Ke7 61. Rh5 Kf6 62. Rh6 Ke7 63. a5 Kf6 64. Rh5 Ke7 65. Rf5 Ke8 66. Bd3 Ke7 67. Rg5 Kf6 68. Rg4 Ke7 69. b5 axb5 70. Bxb5 Kf6 71. Bd3 Ke7 72. Rg5 Kf6 73. Rf5+ Ke7 74. Rh5 Kf6 75. Rh1 Ke7 76. Rb1 Kf6 77. Rb6 Kg5 78. Be4 Kh6 79. Rb1 Kg5 80. Kd3 Rc7 81. Rg1+ Kf6 82. Kc2 Kg7 83. Rh1 Kf6 84. Rh8 Rg7 85. Rb8 Kg5 86. Rf8 Kh6 87. Rf5 Re7 88. Rf8 Kg7 89. Rc8 Rd7 90. Bf5 Re7 91. Be4 Kf6 92. Rc4 Kg5 93. Rb4 Kf6 94. Rb1 Kg7 95. Ra1 Kf6 96. Rg1 Kg7 97. Rh1 Kf6 98. Rh5 Rg7 99. Rh2 Ke7 100. Rh1 Kf6 101. Rb1 Kg5 102. Kd3 Kf6 103. Rb6 Rc7 104. Kc2 Kg7 105. Bd3 Kf6 106. Rb5 Kg7 107. Rb4 Kf6 108. Be4 Kg7 109. Rb1 Kf6 110. Rh1 Rg7 111. Rg1 Ke7 112. Bf5 Kf6 113. Be6 Rxg6 114. Rxg6+ Kxg6 115. Bc8 Bd4 116. Bxb7 Kf6 117. Kd3 Ke5 118. Bc6 c2 119. Kxc2 Ba7 120. Kd3 Bc5 121. Kc4 Ba7 122. Bd7 Bc5 123. Bg4 Ba7 124. Be6 Bc5 125. Kb5 Kd4 126. Kc6 Ke3 127. Bg4 Kd4 128. Bf5 Ke5 129. Be4 Kd4 130. a6 Ke5 131. Kb7 Bd4 132. a7 Bxa7 133. Kxa7 1-0


[Site "https://www.chess.com"]

[Event "Titled Tuesday Blitz June 1 2021"]
[White "Korchmar, Vasiliy"]
[Black "Sychev, Klementy"]
[WhiteFideId "24131750"]
[BlackFideId "4114060"]
[WhiteElo "2370"]
[BlackElo "2615"]
[Result "0-1"]
[Round "04"]
[TimeControl "180+1"]
[Date "2021.06.01"]
[WhiteClock "0:00:02"]
[BlackClock "0:00:04"]

1. d4 Nf6 2. c4 c5 3. d5 a6 4. a4 e6 5. Nc3 Qe7 6. Nf3 exd5 7. cxd5 d6 8. g3 g6 9. Bg2 Bg7 10. O-O O-O 11. Bf4 Nbd7 12. Rb1 Ng4 13. Bg5 f6 14. Bd2 f5 15. Ng5 Ndf6 16. b4 c4 17. b5 Re8 18. Ne6 Bxe6 19. dxe6 Rac8 20. bxa6 bxa6 21. h3 Ne5 22. Nd5 Qxe6 23. Ba5 Ne4 24. Nc7 Rxc7 25. Bxc7 Nc3 26. Qxd6 Qxd6 27. Bxd6 Nxb1 28. Rxb1 c3 29. Rc1 Nf7 30. Bb4 Rc8 31. Bd5 Bf6 32. Kf1 Kg7 33. Ke1 Ng5 34. h4 Ne4 0-1


[Site "https://www.chess.com"]

[Event "Titled Tuesday Blitz June 1 2021"]
[White "Kovalev, Vladislav"]
[Black "Shahaliyev, Ismayil"]
[WhiteFideId "13504398"]
[BlackFideId "13406388"]
[WhiteElo "2573"]
[BlackElo "2105"]
[Result "1-0"]
[Round "04"]
[TimeControl "180+1"]
[Date "2021.06.01"]
[WhiteClock "0:00:07"]
[BlackClock "0:00:19"]

1. e4 d6 2. d4 Nf6 3. Nc3 e5 4. Nf3 exd4 5. Nxd4 Be7 6. g3 Nc6 7. Bg2 Nxd4 8. Qxd4 O-O 9. O-O Be6 10. h3 Qd7 11. g4 c5 12. Qd3 c4 13. Qd4 Qc7 14. Be3 Nd7 15. Rad1 a6 16. f4 f6 17. Nd5 Bxd5 18. Qxd5+ Kh8 19. a4 Rab8 20. a5 Nc5 21. Qxc4 b5 22. axb6 Qxb6 23. b3 a5 24. Kh1 Rfe8 25. Rd5 Bf8 26. e5 Qb4 27. Qxb4 Rxb4 28. Bd2 Rb6 29. exf6 a4 30. fxg7+ Bxg7 31. bxa4 Nxa4 32. Ba5 Rb2 33. Rxd6 Rxc2 34. Bc6 Re3 35. Rd8+ Bf8 36. Bf3 Kg7 37. Rd7+ Kg8 38. Bd2 Rb3 39. Bd5+ 1-0


[Site "https://www.chess.com"]

[Event "Titled Tuesday Blitz June 1 2021"]
[White "Kretov, Evgenij"]
[Black "Martin Carmona, Gaston Manuel"]
[WhiteFideId "4167821"]
[BlackFideId "22284567"]
[WhiteElo "2381"]
[BlackElo "2144"]
[Result "1-0"]
[Round "04"]
[TimeControl "180+1"]
[Date "2021.06.01"]
[WhiteClock "0:00:31"]
[BlackClock "0:00:04"]

1. d4 Nf6 2. c4 e6 3. Nc3 d5 4. cxd5 Nxd5 5. Nf3 c5 6. e4 Nxc3 7. bxc3 cxd4 8. cxd4 Bb4+ 9. Bd2 Bxd2+ 10. Qxd2 O-O 11. Be2 Nd7 12. O-O b6 13. a4 Bb7 14. Qe3 Nf6 15. Nd2 Rc8 16. a5 b5 17. Bxb5 a6 18. Be2 Qd7 19. Nc4 Rcd8 20. Rfd1 Bxe4 21. Ne5 Qb7 22. f3 Bd5 23. Rab1 Qa7 24. Rb6 Bb7 25. Qb3 Bd5 26. Qa4 Rb8 27. Rxa6 Qc7 28. Rd2 Rb1+ 29. Kf2 Rfb8 30. Qc2 Qd8 31. Ra7 R1b7 32. Rxb7 Bxb7 33. a6 Ba8 34. a7 Rc8 35. Qa4 Nd5 36. g3 Nc3 37. Qd7 Qxd7 38. Nxd7 Rc7 39. Rb2 f6 40. Rb8+ Kf7 41. Rxa8 Rxd7 42. Rf8+ Kxf8 43. a8=Q+ Kf7 44. Bc4 Ke7 45. Qa3+ 1-0


[Site "https://www.chess.com"]

[Event "Titled Tuesday Blitz June 1 2021"]
[White "Krivonosov, Oleg"]
[Black "Nguyen, Ngoc Truong Son"]
[WhiteFideId "11600349"]
[BlackFideId "12401110"]
[WhiteElo "2469"]
[BlackElo "2596"]
[Result "1/2-1/2"]
[Round "04"]
[TimeControl "180+1"]
[Date "2021.06.01"]
[WhiteClock "0:02:41"]
[BlackClock "0:02:21"]

1. Nf3 Nf6 2. c4 e6 3. g3 d5 4. d4 Bb4+ 5. Bd2 Be7 6. Bg2 O-O 7. O-O c6 8. Qc2 b6 9. Bf4 Nbd7 10. Rd1 Bb7 11. Ne5 Nh5 12. Bd2 Nhf6 13. Bf4 Nh5 14. Bd2 Nhf6 15. Bf4 1/2-1/2


[Site "https://www.chess.com"]

[Event "Titled Tuesday Blitz June 1 2021"]
[White "Kukhmazov, Arsen"]
[Black "Samunenkov, Ihor"]
[WhiteFideId "24108260"]
[BlackFideId "14187086"]
[WhiteElo "2453"]
[BlackElo "2242"]
[Result "1/2-1/2"]
[Round "04"]
[TimeControl "180+1"]
[Date "2021.06.01"]
[WhiteClock "0:00:09"]
[BlackClock "0:00:02"]

1. d4 Nf6 2. c4 e6 3. Nf3 b6 4. a3 Bb7 5. Nc3 Ne4 6. Nxe4 Bxe4 7. Bf4 Be7 8. e3 O-O 9. Bd3 d5 10. O-O Nd7 11. Rc1 c5 12. cxd5 exd5 13. dxc5 Nxc5 14. Be2 Bf6 15. Nd4 Bxd4 16. exd4 Ne6 17. Be5 Qd7 18. Qd2 Rac8 19. f3 Bg6 20. Qb4 f6 21. Bg3 Rxc1 22. Rxc1 Rc8 23. Rc3 Rxc3 24. Qxc3 h6 25. h4 Kh7 26. b4 Qa4 27. Kh2 Qc2 28. Qxc2 Bxc2 29. Bf2 Nf4 30. Bb5 Bd3 31. Bc6 Bc4 32. Be3 Ne6 33. Kg3 Kg8 34. Kf2 Kf7 35. Ke1 f5 36. Kd2 g5 37. hxg5 hxg5 38. g3 f4 39. gxf4 gxf4 40. Bf2 Ng5 41. Kc3 Nxf3 42. Kc2 Ke7 43. a4 Kd6 44. Be8 Ng5 45. Bh4 Ne4 46. Bh5 Ng3 47. Bf3 Nf5 48. Bf2 Ne3+ 49. Kc3 Nf5 50. Bg4 Ne7 51. Bh4 Nc6 52. Bg5 Kc7 53. Bxf4+ Kb7 54. Bf3 a5 55. b5 Nb4 56. Bd6 Na2+ 57. Kb2 Nb4 58. Kc3 Na2+ 59. Kd2 Nb4 60. Bh5 Nd3 61. Kc3 Nc1 62. Be8 Ne2+ 63. Kd2 Nxd4 64. Be5 Nb3+ 65. Kc3 Nc5 66. Bc6+ Ka7 67. Kd4 Nxa4 68. Bxd5 Bxb5 69. Bb3 Nc5 70. Bd5 Nb3+ 71. Bxb3 Bc6 72. Bd6 b5 73. Bc5+ Kb7 74. Be6 b4 75. Kc4 Kc7 76. Bg4 Kb7 77. Bd1 Kc7 78. Kd4 Kb7 79. Be2 Kc7 80. Ke5 Kb7 81. Kd6 b3 82. Bc4 a4 83. Ba3 Be4 84. Kc5 Bc6 85. Kb4 Kc7 86. Kc3 Kb7 87. Bd3 Kc7 88. Kc4 Kb7 89. Kc5 Kc7 90. Bb2 Kb7 91. Bc4 Kc7 92. Ba6 Be4 93. Kb5 Bc6+ 94. Kb4 Kd6 1/2-1/2


[Site "https://www.chess.com"]

[Event "Titled Tuesday Blitz June 1 2021"]
[White "Laxman, R.R."]
[Black "Klenburg, Michael"]
[WhiteFideId "5005361"]
[BlackFideId "14102072"]
[WhiteElo "2476"]
[BlackElo "2359"]
[Result "1-0"]
[Round "04"]
[TimeControl "180+1"]
[Date "2021.06.01"]
[WhiteClock "0:01:29"]
[BlackClock "0:00:02"]

1. d4 d6 2. Nf3 Nf6 3. Nc3 g6 4. e4 Bg7 5. Be2 O-O 6. O-O c6 7. a4 Qc7 8. h3 Nbd7 9. Be3 b6 10. Nd2 a6 11. f4 Bb7 12. e5 Nd5 13. Nxd5 cxd5 14. c3 e6 15. Nf3 Rae8 16. Bd3 f6 17. exf6 Nxf6 18. Qe2 Qc8 19. Ng5 Ne4 20. Nxe4 dxe4 21. Bc4 d5 22. Bb3 Qd7 23. g3 Rf7 24. Kg2 Ref8 25. h4 Bc8 26. h5 Qe8 27. hxg6 hxg6 28. Rh1 Rf5 29. Qg4 g5 30. Qh3 Qg6 31. fxg5 Rf3 32. Rae1 Qf5 33. Qxf5 R3xf5 34. Bd1 e5 35. dxe5 Bxe5 36. Rh6 b5 37. axb5 axb5 38. Reh1 Bg7 39. Rb6 Bd7 40. Rd6 Be8 41. Bg4 Re5 42. Bf4 Re7 43. g6 Rf6 44. Rxd5 e3 45. Bf3 Bxg6 46. Rd8+ Re8 47. Bd5+ Kf8 48. Rxe8+ Bxe8 49. Bxe3 Bf7 50. Bc5+ Kg8 51. Bxf7+ Rxf7 52. Rd1 Rc7 53. Rd5 Kf7 54. Kf3 Bf6 55. Bd4 Be7 56. Rxb5 Ke6 57. Ke4 Rc8 58. Rb6+ Kf7 59. g4 Rg8 60. Kf5 1-0


[Site "https://www.chess.com"]

[Event "Titled Tuesday Blitz June 1 2021"]
[White "Lazavik, Denis"]
[Black "Chizhikov, Vladislav"]
[WhiteFideId "13515110"]
[BlackFideId "4178157"]
[WhiteElo "2436"]
[BlackElo "2265"]
[Result "1-0"]
[Round "04"]
[TimeControl "180+1"]
[Date "2021.06.01"]
[WhiteClock "0:01:34"]
[BlackClock "0:01:21"]

1. d4 d5 2. c4 e5 3. dxe5 d4 4. Nf3 Nc6 5. a3 Bg4 6. Nbd2 Qe7 7. Qa4 O-O-O 8. g3 Kb8 9. Bg2 Nxe5 10. O-O Nf6 11. Nxe5 Qxe5 12. Qb3 Bc8 13. Nf3 Qh5 14. Bf4 Bd6 15. Nxd4 Ka8 16. Bxd6 Rxd6 17. Nb5 Rd7 18. Rad1 Re7 19. Qa4 a6 20. Qxa6+ 1-0


[Site "https://www.chess.com"]

[Event "Titled Tuesday Blitz June 1 2021"]
[White "Le, Tuan Minh"]
[Black "Dang, Hoang Son"]
[WhiteFideId "12401153"]
[BlackFideId "12402435"]
[WhiteElo "2450"]
[BlackElo "2248"]
[Result "1-0"]
[Round "04"]
[TimeControl "180+1"]
[Date "2021.06.01"]
[WhiteClock "0:00:56"]
[BlackClock "0:00:38"]

1. d4 Nf6 2. Nf3 g6 3. Bg5 Bg7 4. Nbd2 O-O 5. c3 d5 6. e3 c6 7. Bd3 Nbd7 8. e4 dxe4 9. Nxe4 Qc7 10. Nxf6+ exf6 11. Be3 Re8 12. O-O Nb6 13. h3 Be6 14. Re1 Rad8 15. Nd2 c5 16. Bb5 Bd7 17. Bxd7 Rxd7 18. Qf3 Nd5 19. dxc5 Nxe3 20. Rxe3 Red8 21. Nb3 f5 22. Rae1 Bf8 23. Re5 Rd3 24. Qe2 a5 25. Nd4 R3xd4 26. cxd4 Rxd4 27. Qe3 Rb4 28. Re8 Kg7 29. Qc3+ f6 30. Rxf8 1-0


[Site "https://www.chess.com"]

[Event "Titled Tuesday Blitz June 1 2021"]
[White "Lehtosaari, Mauri"]
[Black "Cerveny, Martin"]
[WhiteFideId "501999"]
[BlackFideId "321141"]
[WhiteElo "2458"]
[BlackElo "2269"]
[Result "1/2-1/2"]
[Round "04"]
[TimeControl "180+1"]
[Date "2021.06.01"]
[WhiteClock "0:00:11"]
[BlackClock "0:00:21"]

1. d4 d5 2. Nf3 Nf6 3. Bg5 Ne4 4. Bf4 Bf5 5. e3 Nd7 6. Nbd2 Nxd2 7. Qxd2 e6 8. Be2 Be7 9. h3 O-O 10. O-O c5 11. c3 Qb6 12. Ne5 Nxe5 13. Bxe5 a5 14. a4 Bg6 15. Bd3 Bxd3 16. Qxd3 Rac8 17. Qb5 Qxb5 18. axb5 b6 19. Rfd1 f6 20. Bg3 cxd4 21. exd4 Kf7 22. Re1 Rc4 23. Re2 Re8 24. Kf1 h5 25. Ke1 a4 26. Kd2 g5 27. Kd3 f5 28. Be5 Rec8 29. Rc2 Ra8 30. b3 Rcc8 31. Rxa4 Rxa4 32. bxa4 Ra8 33. Ra2 Ke8 34. Bc7 Bd8 35. Bxd8 Kxd8 36. c4 dxc4+ 37. Kxc4 Kd7 38. Kb4 Kc7 39. a5 bxa5+ 40. Rxa5 Rd8 41. Kc4 Kb7 42. Ra6 Rc8+ 43. Kb3 Rd8 44. Rxe6 Rxd4 45. Re5 Rf4 46. f3 Kb6 47. Kc3 g4 48. hxg4 hxg4 49. fxg4 Rxg4 50. Rxf5 Rxg2 1/2-1/2


[Site "https://www.chess.com"]